Map: At Eternity's Edge LE

Players

throatGOAT

  • Race: Terran Terran
  • League: Grandmaster

A.I. 1 (Very Easy) - Winner!

  • Race: Zerg Zerg

VOD

Have the link to the VOD?

Description

Time

  • Played on: Aug. 1, 2026, 12:50 p.m.
  • Length: 10:13
Show
View Real Time Build Order
Export as new Build Order

throatGOAT Terran 

Build Orders: Reaper Expand 

Get SALT Encoding   

  8  0:02  SCV  
  9  0:14  SCV  
  10  0:27  SCV  
  11  0:29  Supply Depot  
  11  0:39  SCV  
  12  0:51  SCV  
  12  0:54  Barracks  
  13  1:03  SCV  
  14  1:06  Refinery  
  14  1:15  SCV  
  15  1:28  SCV  
  16  1:41  Orbital Command  
  16  1:49  Reaper  
  17  2:00  Command Center  
  17  2:07  SCV  
  18  2:14  Supply Depot  
  18  2:19  SCV  
  19  2:23  Marine  
  20  2:31  SCV  
  21  2:38  Factory  
  21  2:43  SCV  
  22  2:44  Barracks Reactor  
  22  2:56  SCV  
  23  3:05  Command Center  
  23  3:08  SCV  
  24  3:15  Orbital Command  
  24  3:26  Starport  
  24  3:34  Barracks Tech Lab  
  24  3:37  Hellion x2  
  28  3:42  Refinery, SCV  
  28  3:46  SCV  
  30  3:54  SCV  
  31  3:58  SCV  
  31  4:01  Hellion x2  
  36  4:06  SCV  
  37  4:10  SCV  
  37  4:11  Banshee  
  37  4:17  Orbital Command  
  41  4:21  Barracks Tech Lab  
  41  4:30  Barracks  
  41  4:33  Factory Reactor  
  41  4:34  Barracks  
  41  4:35  SCV  
  41  4:36  SCV  
  43  4:39  Marine  
  43  4:41  Stimpack  
  43  4:44  SCV  
  45  4:51  SCV  
  45  4:52  Supply Depot  
  46  4:53  SCV  
  46  4:57  SCV  
  48  5:02  Engineering Bay x2  
  48  5:04  Starport Reactor  
  48  5:05  SCV  
  48  5:06  SCV  
  50  5:11  SCV  
  51  5:16  Supply Depot  
  51  5:17  Refinery  
  51  5:19  SCV, Refinery  
  51  5:20  SCV  
  53  5:23  Marine, SCV  
  53  5:24  Marine  
  53  5:25  Marine  
  53  5:27  Marine  
  53  5:28  Marine  
  58  5:32  Terran Infantry Weapons Level 1  
  58  5:35  Terran Infantry Armor Level 1  
  59  5:36  SCV  
  59  5:39  SCV x2  
  59  5:41  Marine  
  59  5:42  Marine  
  64  5:44  Supply Depot  
  64  5:46  Marine  
  64  5:49  Siege Tank  
  68  5:53  SCV x2  
  68  5:54  Orbital Command  
  68  5:57  Marine  
  70  6:02  Supply Depot  
  71  6:06  Marine, Medivac, SCV x2  
  71  6:08  Supply Depot, Marine x2  
  78  6:19  Barracks  
  78  6:20  Barracks, Marine  
  78  6:23  Marine, Medivac  
  78  6:25  Combat Shield  
  82  6:27  SCV  
  82  6:29  SCV x2  
  85  6:34  Siege Tank  
  88  6:40  Supply Depot  
  88  6:41  SCV, Supply Depot  
  88  6:42  SCV  
  88  6:43  SCV, Marine  
  88  6:45  Marine  
  93  6:49  Medivac  
  95  6:59  Armory  
  95  7:01  Medivac  
  95  7:02  SCV x3  
  95  7:05  Barracks Reactor  
  95  7:06  Barracks Reactor  
  95  7:08  Marine x5  
  103  7:11  Siege Tank  
  103  7:14  SCV  
  109  7:18  SCV x2  
  111  7:26  Supply Depot  
  111  7:29  Marine x5, SCV  
  117  7:30  Supply Depot, SCV  
  117  7:33  Supply Depot  
  118  7:40  SCV  
  119  7:48  Marine x4, Medivac x2  
  127  7:51  Marine  
  127  7:52  Command Center, Marine x3  
  127  7:53  Marine  
  127  7:55  SCV x2  
  134  8:03  SCV  
  134  8:05  Refinery  
  135  8:06  Refinery  
  135  8:08  Factory  
  135  8:11  Barracks  
  135  8:13  Barracks, SCV  
  135  8:15  SCV  
  135  8:16  Barracks  
  137  8:23  SCV  
  137  8:25  SCV  
  139  8:27  SCV  
  139  8:30  Marine, Marauder  
  139  8:33  Supply Depot  
  143  8:36  Supply Depot  
  143  8:41  Supply Depot  
  143  8:42  Supply Depot x2  
  143  8:55  Marine x5, Siege Tank  
  151  8:57  Marine x4  
  151  8:58  Factory Tech Lab  
  151  9:00  Medivac x2  
  151  9:02  Marine x2  
  161  9:11  Command Center  
  161  9:12  Marine x4  
  161  9:13  SCV x3  
  161  9:15  Marauder  
  170  9:18  Marine x2  
  170  9:21  Marine x5  
  177  9:27  Supply Depot  
  177  9:29  Supply Depot  
  177  9:30  Marine x2  
  179  9:31  Siege Tank  
  179  9:32  Siege Tank  
  179  9:37  Marauder  
  187  9:41  Medivac, Barracks Tech Lab  
  187  9:42  Barracks Tech Lab  
  187  9:44  Marine  
  187  9:45  Marine x3  
  192  9:47  Marine  
  192  9:48  Barracks Tech Lab  
  192  9:49  Supply Depot  
  192  9:52  Supply Depot  
  194  9:55  Supply Depot  
  194  9:59  SCV  
Show
View Real Time Build Order
Export as new Build Order

A.I. 1 (Very Easy) Zerg - Winner!

Build Orders: Pool First 

Get SALT Encoding   

  8  0:00  Drone  
  9  0:10  Drone  
  10  0:18  Drone  
  11  0:25  Drone  
  12  0:33  Overlord  
  12  0:51  Drone  
  13  0:58  Drone  
  13  1:02  Spawning Pool  
  13  1:05  Drone  
  13  1:08  Extractor  
  13  1:13  Drone  
  14  1:20  Overlord  
  14  1:49  Queen, Zergling x2  
  17  2:01  Roach Warren  
  17  2:02  Extractor  
  17  2:06  Drone  
  16  2:10  Zergling x2  
  16  2:13  Drone  
  18  2:26  Drone  
  19  2:31  Zergling x2  
  19  2:36  Drone  
  21  2:45  Drone  
  22  2:56  Overlord, Drone  
  22  2:58  Zergling x2  
  23  3:06  Drone  
  24  3:16  Drone  
  25  4:01  Zergling x2  
  25  6:01  Roach, Drone  
  25  6:02  Lair, Overlord  
  28  6:09  Drone  
  29  6:16  Drone  
  28  6:23  Drone  
  28  6:30  Drone  
  29  6:38  Drone  
  30  6:45  Drone, Roach  
  33  6:59  Overseer  
  33  7:00  Overseer  
  33  7:20  Hatchery  
  33  7:21  Drone  
  33  7:29  Zergling x2  
  34  8:12  Roach  
  36  8:33  Drone  
  37  8:40  Drone  
  38  8:42  Extractor  
  38  8:46  Extractor  
  38  8:48  Drone  
  37  8:55  Drone  
  38  9:02  Drone  
  39  9:08  Zergling x2  
  39  9:09  Drone  
  36  9:11  Overlord, Overseer  
  36  9:16  Drone  
  35  9:29  Overlord, Drone  
  36  9:36  Drone  
  36  9:43  Drone  
  37  9:50  Drone  
  37  9:52  Roach  
  40  9:57  Drone  
Tags
 
Add a new tag
Caveats
  • Supply blocks, unpowered buildings, or Contaminate may cause inaccurate times.
  • Supply counts are checked every 10 seconds.